 Dungeon Crawl Stone Soup version 0.29.1-12-g30fa7ad0bf (webtiles) character file.

Game seed: 9672828792306629554

209 zeram the Shooter (level 5, -1/25 HPs)
             Began as a Spriggan Hunter on Dec 30, 2022.
             Killed from afar by Natasha (6 damage)
             ... with a magic dart
             ... on level 3 of the Dungeon.
             The game lasted 00:04:46 (2227 turns).

zeram the Shooter (Spriggan Hunter)                 Turns: 2227, Time: 00:04:46

Health: -1/25      AC:  2    Str:  7    XL:     5   Next: 55%
Magic:  9/9        EV: 18    Int: 13    God:
Gold:   166        SH:  0    Dex: 18    Spells: 8/8 levels left

rFire   . . .      SeeInvis +   a - +0 shortbow
rCold   . . .      Faith    .   (shield currently unavailable)
rNeg    . . .      Spirit   .   c - +0 robe
rPois   .          Reflect  .   (helmet restricted)
rElec   .          Harm     .   g - scarf {+Inv}
rCorr   .          Rampage  .   (gloves unavailable)
Will    .....                   (boots unavailable)
Stlth   +.........              (no amulet)
HPRegen 0.08/turn               (no ring)
MPRegen 0.11/turn               (no ring)

@: confused, ambrosia-drunk, very quick
A: very small, no large weapons, unfitting armour, see invisible, speed 3
a: Evoke Invisibility


You were on level 3 of the Dungeon.
You visited 1 branch of the dungeon, and saw 3 of its levels.

You collected 166 gold pieces.

Inventory:

Hand Weapons
 a - a +0 shortbow (weapon)
 h - a +1 dagger of draining
 o - a +2 dagger of venom
Armour
 c - a +0 robe (worn)
 g - a scarf of invisibility (worn)
Jewellery
 t - an amulet of faith
Wands
 n - a wand of iceblast (9)
Scrolls
 b - 2 scrolls of immolation
 e - 2 scrolls of teleportation
 s - a scroll of acquirement {unknown}
 u - a scroll of vulnerability {unknown}
Potions
 d - a potion of haste
 f - a potion of curing {unknown}
 i - a potion of flight
 j - a potion of mutation {unknown}
 k - a potion of resistance {unknown}
 l - a potion of heal wounds {unknown}
 m - a potion of magic {unknown}
 p - a potion of attraction {unknown}
 q - a potion of cancellation {unknown}
 r - a potion of ambrosia


   Skills:
 - Level 1.5 Fighting
 + Level 6.5 Ranged Weapons
 + Level 2.9 Dodging
 - Level 1.5 Stealth
 * Level 2.1 Spellcasting


You had 8 spell levels left.
You didn't know any spells.
Your spell library contained the following spells:

 Spells                   Type           Power      Damage    Failure   Level
 Gell's Gravitas          Tloc           1%         N/A       58%         3
 Teleport Other           Tloc           1%         N/A       58%         3
 Dispersal                Tloc           0%         N/A       100%        6


Dungeon Overview and Level Annotations

Branches:
Dungeon (3/15)

Altars:

Annotations:
D:3 Natasha


Innate Abilities, Weirdness & Mutations

You are very small and have problems with some larger weapons.
You are too small for most types of armour.
You have supernaturally acute eyesight. (SInv)
You cover ground extremely quickly. (Speed+++)


Message History

Natasha barely misses you. Natasha closely misses you.
Unknown command.
Fire: a) +0 shortbow
Press: ? - help, Q - select action, (/) - cycle Shift-Dir - straight line, f - Natasha
Aim: Natasha (fast, 58% to hit)
You shoot an arrow. The arrow hits Natasha.
Natasha is moderately wounded.
Natasha completely misses you. Natasha closely misses you.
Fire: a) +0 shortbow
Press: ? - help, Q - select action, (/) - cycle Shift-Dir - straight line, f/p - Natasha
Aim: Natasha (moderately wounded, fast, 58% to hit)
You shoot an arrow.
The arrow hits Natasha but does no damage.
Natasha is moderately wounded.
Natasha misses you. Natasha closely misses you.
Fire: a) +0 shortbow
Press: ? - help, Q - select action, (/) - cycle Shift-Dir - straight line, f/p - Natasha
Aim: Natasha (moderately wounded, fast, 58% to hit)
You shoot an arrow. The arrow hits Natasha.
Natasha is heavily wounded.
Natasha completely misses you.
Fire: a) +0 shortbow
Press: ? - help, Q - select action, (/) - cycle Shift-Dir - straight line, f/p - Natasha
Aim: Natasha (heavily wounded, fast, 58% to hit)
You shoot an arrow. The arrow closely misses Natasha.
Natasha barely misses you. Natasha claws you.
Unknown command.
Fire: a) +0 shortbow
Press: ? - help, Q - select action, (/) - cycle Shift-Dir - straight line, f/p - Natasha
Aim: Natasha (heavily wounded, fast, 58% to hit)
You shoot an arrow. The arrow hits Natasha.
Natasha is severely wounded.
Natasha claws you. Natasha claws you!
* * * LOW HITPOINT WARNING * * *
It was a potion of ambrosia.
You are confused.
You feel invigorated.
Natasha stares at you and mumbles some strange words.
The magic dart hits you.
You die...

#......###.......####.###.##
#####......# #.......###..#[#..##
....#......# #########...##.##...
....#......########....###...###.
............#.......)......#...##
....#######...#####....###...###.
.................#####.(.##.##...
.....##########..h.# ###..#.#..##
####.# ##@#.######.###.##. #.#
#........#..#..#.. #.#
#######..###.##.#.##.. #.#
..........##.##.#.##.. ####)#
######.#.##.##...###. ..##.#
#.#.##.###.## #> ..##.# #.#.##.#
#.##### ..##.# #.#.##.###.#....
..##.# #.#.....##.#....


You could see Natasha (fast).

Vanquished Creatures
  Natasha (D:3)
  2 orc wizards (D:3)
  Terence (D:3)
  2 adders
  An ufetubus (D:3)
  3 dart slugs
  6 orcs (D:3)
  6 endoplasms
  A giant cockroach (D:1)
  2 goblins (D:1)
  6 hobgoblins
  4 jackals (D:1)
  5 kobolds
  2 quokkas
  6 ball pythons
  2 bats (D:1)
  5 frilled lizards
  4 rats
59 creatures vanquished.

Vanquished Creatures (others)
  An orc wizard (D:3)
1 creature vanquished.

Grand Total: 60 creatures vanquished

Notes
Turn   | Place    | Note
-------+----------+-------------------------------------------
     0 | D:1      | zeram the Spriggan Hunter began the quest for the Orb.
     0 | D:1      | Reached XP level 1. HP: 10/10 MP: 2/2
   243 | D:1      | Reached XP level 2. HP: 14/14 MP: 3/3
   492 | D:1      | Reached skill level 5 in Ranged Weapons
   492 | D:1      | Reached XP level 3. HP: 18/18 MP: 4/4
  1012 | D:2      | Found a faded altar of an unknown god.
  1157 | D:3      | Reached XP level 4. HP: 9/22 MP: 5/5
  1398 | D:3      | Noticed Terence
  1402 | D:3      | Killed Terence
  1403 | D:3      | Reached skill level 1 in Spellcasting
  1411 | D:3      | Reached skill level 6 in Ranged Weapons
  1457 | D:3      | Reached XP level 5. HP: 11/25 MP: 6/8
  1751 | D:3      | Noticed Natasha
  1753 | D:3      | Killed Natasha
  2209 | D:3      | Noticed Natasha
  2227 | D:3      | Killed from afar by Natasha

Illustrated notes

Levels and vault maps discovered:
D:1:      mainiacjoe_arrival_reflecting_pool, layout_loops_ring,
          amcnicky_mini_pool_small
D:2:      wad_pebble_path, layout_rooms, basic_ecumenical_altar
D:3:      minmay_general_purpose_star, layout_basic, uniq_natasha, uniq_terence

Skill      XL: |  1  2  3  4  5 |
---------------+----------------+-----
Ranged Weapons | 5 6 |  6.5
Spellcasting   | 1 2 |  2.1
Fighting       | |  1.5
Dodging        | |  2.9
Stealth        | |  1.5

Action                   |  1- 3 |  4- 6 || total
-------------------------+-------+-------++-------
Melee: Shortbow          |       |     1 ||     1
 Fire: Shortbow          |    79 |    72 ||   151
  Use: Scroll            |     1 |     1 ||     2
       Potion            |       |     1 ||     1
Armor: Robe              |     1 |     2 ||     3
Dodge: Dodged            |    16 |    25 ||    41
